 Dungeon Crawl Stone Soup version 0.28.0 (webtiles) character file.

Game seed: 8545059552863837198

1164 mortz the Firebug (level 8, -4/59 HPs)
             Began as a Grey Draconian Fire Elementalist on Feb 16, 2022.
             Was an Initiate of Vehumet.
             Slain by an iguana (7 damage)
             ... on level 5 of the Dungeon.
             The game lasted 00:52:24 (6064 turns).

mortz the Firebug (DrFE)                            Turns: 6064, Time: 00:52:24

Health: -4/59      AC: 13    Str: 11    XL:     8   Next: 17%
Magic:  10/15      EV: 12    Int: 17    God:    Vehumet [......]
Gold:   246        SH:  5    Dex: 12    Spells: 11/17 levels left

rFire   . . .      SeeInvis .   r - +0 dire flail (protect)
rCold   . . .      Faith    .   (shield currently unavailable)
rNeg    . . .      Spirit   .   (armour unavailable)
rPois   .          Reflect  +   m - +2 hat
rElec   .          Harm     .   (no cloak)
rCorr   .          Rampage  .   (no gloves)
Will    .....                   (no boots)
Stlth   ++........              n - amulet of reflection
HPRegen 0.19/turn               (no ring)
MPRegen 0.14/turn               (no ring)

@: no status effects
A: AC +11, amphibious, unfitting armour, cold-blooded
a: Renounce Religion


You were on level 5 of the Dungeon.
You worshipped Vehumet.
Vehumet was noncommittal.
You visited 1 branch of the dungeon, and saw 5 of its levels.

You collected 246 gold pieces.

Inventory:

Hand Weapons
 a - a +0 war axe
 j - a +0 long sword
 r - a +0 dire flail of protection (weapon)
Missiles
 p - 5 boomerangs of dispersal
Armour
 m - a +2 hat (worn)
Jewellery
 g - a ring of fire
 n - an amulet of reflection (around neck)
Wands
 o - a wand of polymorph (12)
 q - a wand of acid (5)
Scrolls
 c - a scroll of teleportation
 e - 3 scrolls of blinking
 l - a scroll of enchant weapon
 s - a scroll of immolation {unknown}
Potions
 b - a potion of curing {unknown}
 f - a potion of ambrosia {unknown}
 i - a potion of lignification {unknown}


   Skills:
 + Level 1.3 Fighting
 + Level 1.1(1.6) Axes
 + Level 1.6(1.9) Maces & Flails
 + Level 2.9 Dodging
 + Level 3.4 Stealth
 + Level 1.0 Shields
 + Level 5.0 Spellcasting
 + Level 3.8 Conjurations
 + Level 5.8 Fire Magic
 + Level 0.1 Evocations


You had 11 spell levels left.
You knew the following spells:

 Your Spells              Type           Power      Damage    Failure   Level
a - Foxfire               Conj/Fire      80%        2x1d8     1%          1
b - Scorch                Fire           48%        2d7       1%          2
c - Conjure Flame         Conj/Fire      20%        6-21      6%          3

Your spell library contained the following spells:

 Spells                   Type           Power      Damage    Failure   Level
 Inner Flame              Hex/Fire       14%        N/A       13%         3
 Pain                     Necr           16%        1d4       14%         1
 Summon Small Mammal      Summ           16%        N/A       14%         1
 Flame Wave               Conj/Fire      20%        2d7       19%         4
 Ensorcelled Hibernation  Hex/Ice        8%         N/A       22%         2
 Call Canine Familiar     Summ           4%         N/A       38%         3
 Spider Form              Tmut/Pois      4%         N/A       38%         3
 Summon Guardian Golem    Hex/Summ       4%         N/A       38%         3
 Anguish                  Hex/Necr       2%         N/A       80%         4
 Agony                    Necr           4%         N/A       98%         5
 Excruciating Wounds      Necr           2%         N/A       98%         5


Dungeon Overview and Level Annotations

Branches:
Dungeon (5/15)
 Temple: D:4-7

Altars:
Hepliaklqana
Vehumet


Innate Abilities, Weirdness & Mutations

Your dull iron-grey scales are very hard. (AC +11)
You are amphibious.
You cannot fit into any form of body armour.
You are cold-blooded and may be slowed by cold attacks.


Message History

* * * LOW HITPOINT WARNING * * *
You block the orc's attack. The orc wizard completely misses you.
The orc hits you but does no damage.
The orc priest hits you but does no damage.
You hear some strange, mumbled words.
A magic dart appears from out of thin air!
The magic dart hits you.
* * * LOW HITPOINT WARNING * * *
As you read the scroll of teleportation, it crumbles to dust.
You feel strangely unstable.
An orc wizard appears from thin air!
Reactivating autopickup.
The orc barely misses you.
The orc wizard hits you but does no damage.
The orc priest hits you but does no damage.
The orc closely misses you. You block the orc wizard's attack.
You puncture the orc wizard!
You kill the orc wizard!
Vehumet accepts your kill. You block the orc's attack.
The orc wizard hits you but does no damage.
The orc priest hits you but does no damage.
The orc completely misses you. You block the orc's attack.
The orc wizard gestures at you while chanting.
You resist with some effort.
The orc priest hits you but does no damage.
The orc closely misses you.
Things that are here:
a +0 dagger; a +0 robe Your surroundings suddenly seem different.
Found a scroll of identify.
The iguana bites you.
* * * LOW HITPOINT WARNING * * *
Found a black potion.
You see here a scroll of identify.
Casting: Scorch (safe; 1% risk of failure)
Confirm with . or Enter, or press ? or * to list all spells.
Flames lash the iguana.
The iguana is severely wounded.
The iguana's fire resistance burns away.
The iguana bites you!
You die...

........... ..
........#....(..... ...
.............####..
...####..#..........##..
....................+...
......#......#......#...
......#......#......#...
....................#...
.......@l.?.........###.
.......!.........##'###.
.................#...##.
.................#.oo##.
...............###..o##.
...................oZ...
........................
........................
............


You could see an iguana (combustible).

Vanquished Creatures
  A yak (D:4)
  Edmund (D:5)
  A black bear (D:4)
  Pargi (D:4)
  2 ogres (D:4)
  2 scorpions (D:4)
  A howler monkey (D:4)
  2 orc priests
  2 iguanas (D:4)
  2 orc wizards
  4 hound skeletons
  2 gnolls
  3 adders
  2 adder skeletons (D:4)
  4 worms (D:2)
  4 dart slugs
  6 orcs
  8 bats
  7 endoplasms
  2 giant cockroaches
  11 goblins
  8 hobgoblins
  2 jackals (D:2)
  10 kobolds
  2 quokkas
  9 ball pythons
  12 frilled lizards
  4 rats (D:1)
115 creatures vanquished.

Vanquished Creatures (collateral kills)
  4 foxfires (D:2)
4 creatures vanquished.

Vanquished Creatures (others)
  334 foxfires
  4 plants (D:3)
338 creatures vanquished.

Grand Total: 457 creatures vanquished

Notes
Turn   | Place    | Note
-------+----------+-------------------------------------------
     0 | D:1      | mortz the Draconian Fire Elementalist began the quest for
                  | the Orb.
     0 | D:1      | Reached XP level 1. HP: 14/14 MP: 3/3
   252 | D:1      | Reached XP level 2. HP: 18/20 MP: 1/5
   364 | D:1      | Found a faded altar of an unknown god.
   619 | D:1      | Reached XP level 3. HP: 8/26 MP: 4/6
  1318 | D:2      | Learned a level 2 spell: Scorch
  1466 | D:2      | Reached XP level 4. HP: 33/33 MP: 2/7
  1735 | D:2      | You fall into a shaft and drop 1 floor!
  3189 | D:3      | Reached XP level 5. HP: 35/38 MP: 1/9
  4206 | D:4      | Noticed an ogre
  4212 | D:4      | Killed an ogre
  4213 | D:4      | Reached XP level 6. HP: 45/45 MP: 2/10
  4491 | D:4      | Learned a level 3 spell: Conjure Flame
  4654 | D:5      | Entered Level 5 of the Dungeon
  4672 | D:5      | Noticed Edmund
  4690 | D:5      | Killed Edmund
  4691 | D:5      | Reached skill level 1 in Axes
  4691 | D:5      | Your scales start taking on a dull iron-grey colour.
  4691 | D:5      | Reached XP level 7. HP: 18/51 MP: 2/13
  5196 | D:4      | Reached skill level 5 in Fire Magic
  5234 | D:4      | Reached skill level 1 in Fighting
  5361 | D:4      | Noticed a yak
  5369 | D:4      | Killed a yak
  5370 | D:4      | Reached skill level 1 in Maces & Flails
  5507 | D:4      | Reached skill level 1 in Shields
  5593 | D:4      | Found a hazy altar of Hepliaklqana.
  5601 | D:4      | Hepliaklqana
  5619 | D:4      | Noticed Pargi
  5623 | D:4      | Killed Pargi
  5624 | D:4      | Reached skill level 5 in Spellcasting
  5624 | D:4      | Reached XP level 8. HP: 59/59 MP: 6/15
  5689 | D:4      | Found a radiant altar of Vehumet.
  5694 | D:4      | Became a worshipper of Vehumet
  6053 | D:5      | HP: 1/59 [iguana (5)]
  6064 | D:5      | Slain by an iguana

Illustrated notes

#########
........###########
#######...........#
##................#
(.........####.#..
##.######.#
#.#.####### ...#
#.# #..@.......
#### #.#
###.####### #.#
#..# #.# ##.# #.#
#.# #.# #.# #<# #.#
#.# #.#
#.#######.######


Turn 5601 on D:4: Hepliaklqana

Levels and vault maps discovered:
D:1:      nagdon_arrival_zigzag_paths, layout_basic, basic_ecumenical_altar,
          st_stairs_9, minmay_pentomino_o2
D:2:      layout_basic, minivault_27, roderic_roman_lattice,
          cheibrodos_gnoll_hut
D:3:      layout_loops_cross, minmay_lizard_king
D:4:      layout_loops_ring, lemuel_crystal_altar, kennysheep_little_box,
          nzn_random_ring, uniq_pargi
D:5:      layout_basic, elyvilon_altar_4, minmay_temple_entry_gardened_gates,
          uniq_edmund

Skill      XL: |  1  2  3  4  5  6  7 |
---------------+----------------------+-----
Stealth        | 2 3 |  3.4
Dodging        | 2 |  2.9
Conjurations   | 2 3 |  3.8
Spellcasting   | 3 4 5 |  5.0
Fire Magic     | 4 5 |  5.8
Axes           | 1 |  1.1
Fighting       | 1 |  1.3
Maces & Flails | 1 |  1.6
Shields        | 1 |  1.0
Evocations     | |  0.1

Action                   |  1- 3 |  4- 6 |  7- 9 || total
-------------------------+-------+-------+-------++-------
Melee: War axe           |    22 |    13 |       ||    35
       Tailslap          |     1 |     4 |     4 ||     9
       Punch             |       |     1 |       ||     1
       Dire flail        |       |       |    38 ||    38
 Cast: Foxfire           |    57 |    95 |    40 ||   192
       Scorch            |     1 |    18 |    21 ||    40
Evoke: Wand              |       |     2 |       ||     2
  Use: Scroll            |       |       |     5 ||     5
Armor: Skin              |     1 |    14 |    86 ||   101
Dodge: Dodged            |    14 |    28 |    60 ||   102
Block: Other             |       |     3 |    21 ||    24
